Tappara Tampere vs Cape Breton Oilers
Created - Wednesday, December 18, 2024 at 08:49
Goals
|
| Tappara Tampere |
2 |
1 |
1 |
4 |
| Cape Breton Oilers |
0 |
1 |
1 |
2 |
|
Shots
|
| Tappara Tampere |
14 |
11 |
20 |
45 |
| Cape Breton Oilers |
5 |
12 |
5 |
22 |
|
1st period
1. Tappara Tampere , Tanner Pearson 1 (John Klingberg 2) at 13:03
2. Tappara Tampere , Tanner Pearson 2 (Nikita Zaitsev 3, John Klingberg 3) at 19:16
Penalties :
Will Cuylle (CBO) for Tripping (Minor) at 2:03, Kevin Bahl (CBO) for Elbowing (Minor) at 9:19, Brett Seney (CBO) for High sticking (Minor) at 15:11
2nd period
3. Cape Breton Oilers , Brennan Othmann 2 (Max Jones 3, Dominic Toninato 2) at 3:53
4. Tappara Tampere , Logan Stankoven 2 (Matthew Beniers 3) at 15:12 (PP)
Penalties :
Kevin Bahl (CBO) for High sticking (Minor) at 6:11, Kevin Bahl (CBO) for Roughing (Minor) at 15:11
3rd period
5. Cape Breton Oilers , Luke Evangelista 1 (Jonny Brodzinski 1, Will Cuylle 1) at 6:44 (PP)
6. Tappara Tampere , Jan Rutta 1 (Andrew Cogliano 4, Calvin De Haan 1) at 9:54 (PP)
Penalties :
Brett Seney (CBO) for Delaying the game (Minor) at 0:12, John Klingberg (TAP) for Holding (Minor) at 4:52, Brett Seney (CBO) for Boarding (Minor) at 8:17, Brennan Othmann (CBO) for Tripping (Minor) at 15:26
Goalie Stats
Joel Hofer (TAP), 20 saves from 22 shots - (0.909), W, 4-0-0, 60:00 minutes
Hunter Jones (CBO), 41 saves from 45 shots - (0.911), L, 0-4-0, 60:00 minutes
Players Stats for Tappara Tampere
Player Name G A P +/- PIM S H SB GA TA FO MP PP MP PK MP
------------------------------------------------------------------------------------
Andreas Englund 0 0 0 -1 0 0 1 1 0 2 0/0 14:22 0:00 0:00
Andrew Cogliano 0 1 1 0 0 2 0 0 0 0 0/0 20:37 7:22 0:57
Calvin De Haan 0 1 1 0 0 2 2 1 0 1 0/0 23:46 6:57 1:07
Dominik Kubalik 0 0 0 2 0 0 1 0 0 0 0/0 8:15 0:00 0:00
Jan Rutta 1 0 1 0 0 2 2 1 0 2 0/0 23:46 6:57 1:07
Jayson Megna 0 0 0 0 0 1 2 1 1 0 1/1 18:15 6:04 0:00
John Klingberg 0 2 2 2 2 2 4 0 0 3 0/0 21:06 6:35 0:00
Kent Johnson 0 0 0 0 0 2 1 0 2 0 10/17 19:16 6:04 0:55
Logan Stankoven 1 0 1 0 0 6 0 1 2 0 1/1 20:34 7:23 0:55
Matt Martin 0 0 0 -1 0 1 3 0 0 0 0/0 11:47 0:00 0:00
Matthew Beniers 0 1 1 0 0 7 2 2 1 0 21/30 20:44 7:25 0:57
Mattias Janmark 0 0 0 0 0 4 3 0 2 0 1/3 18:14 6:01 0:00
Nathan Walker 0 0 0 -1 0 6 2 0 0 0 1/1 12:05 0:14 0:00
Nikita Zaitsev 0 1 1 2 0 3 1 1 0 1 0/0 21:52 6:35 0:45
Sam Carrick 0 0 0 -1 0 2 3 0 0 0 3/5 11:51 0:03 0:00
Sebastian J Aho 0 0 0 -1 0 1 2 1 0 1 0/0 15:07 0:00 0:45
Tanner Pearson 2 0 2 2 0 4 0 0 1 0 0/0 8:15 0:00 0:00
Tomas Nosek 0 0 0 2 0 0 2 0 0 0 2/3 8:15 0:00 0:00
Players Stats for Cape Breton Oilers
Player Name G A P +/- PIM S H SB GA TA FO MP PP MP PK MP
------------------------------------------------------------------------------------
Alex Belzile 0 0 0 -2 0 0 0 0 0 0 3/4 6:06 0:00 0:00
Alexey Toropchenko 0 0 0 -2 0 2 2 2 3 2 0/6 24:45 0:50 7:09
Brennan Othmann 1 0 1 1 2 2 3 1 1 0 0/0 11:23 0:00 0:00
Brett Seney 0 0 0 0 6 3 3 1 0 0 0/2 14:21 0:50 0:17
Carl Grundstrom 0 0 0 -2 0 1 4 0 1 0 0/0 6:44 0:00 0:00
Dominic Toninato 0 1 1 1 0 1 0 1 0 0 4/9 12:44 0:00 0:35
Jonny Brodzinski 0 1 1 0 0 0 0 0 2 1 5/9 14:33 1:02 0:00
Kevin Bahl 0 0 0 0 6 1 2 2 0 1 0/0 22:59 1:02 3:32
Leon Gawanke 0 0 0 -1 0 0 2 0 0 0 0/0 12:10 0:00 0:00
Luke Evangelista 1 0 1 0 0 5 1 2 1 1 0/0 21:02 1:02 7:09
Matt Luff 0 0 0 0 0 0 1 0 0 0 0/0 2:59 0:00 0:00
Max Jones 0 1 1 1 0 4 1 0 1 0 3/11 17:09 0:00 5:48
Parker Kelly 0 0 0 0 0 0 0 1 0 1 6/20 19:17 0:50 5:48
Philip Broberg 0 0 0 0 0 0 0 0 0 1 0/0 22:29 0:50 7:41
Vladislav Kolyachonok 0 0 0 0 0 0 1 1 0 1 0/0 22:35 0:50 7:21
Will Cuylle 0 1 1 0 2 2 3 0 1 0 0/0 15:09 1:02 0:18
William Trudeau 0 0 0 -1 0 1 1 1 0 0 0/0 14:14 0:00 2:19
Wyatt Kaiser 0 0 0 0 0 0 1 2 0 1 0/0 25:41 1:02 6:11
3 Stars
1 - Tanner Pearson (TAP)
2 - John Klingberg (TAP)
3 - Jan Rutta (TAP)
Power Play
Tappara Tampere - 2 on 8 Attempt(s) - 25.00%
Cape Breton Oilers - 1 on 1 Attempt(s) - 100.00%
Penalty Kill
Tappara Tampere - 0 on 1 Attempt(s) - 0.00%
- Score 0 goal in Penalty Kill
Cape Breton Oilers - 6 on 8 Attempt(s) - 75.00%
- Score 0 goal in Penalty Kill
Team Stat
Tappara Tampere - Hits : 31 - Faceoff Wins : 40 - Blocked Shots : 9 - Penalty Minutes : 2
Cape Breton Oilers - Hits : 25 - Faceoff Wins : 21 - Blocked Shots : 14 - Penalty Minutes : 16
Official
Referees : Conor O'Donnell and Kendrick Nicholson
Linesman : Bryan Pancich and Bevan Mills
Game Notes
No Game Note
Tappara Tampere
5 vs 5 Forward
Center Left Wing Right Wing Time % Phy DF OF
1 Matthew Beniers Andrew Cogliano Logan Stankoven 30 0 1 4
2 Kent Johnson Jayson Megna Mattias Janmark 30 0 1 4
3 Sam Carrick Nathan Walker Matt Martin 25 0 2 3
4 Tomas Nosek Tanner Pearson Dominik Kubalik 15 0 2 3
5 vs 5 Defense
Defense Defense Time % Phy DF OF
1 Jan Rutta Calvin De Haan 34 0 2 3
2 John Klingberg Nikita Zaitsev 33 0 2 3
3 Sebastian J Aho Andreas Englund 33 0 2 3
4 Jan Rutta Calvin De Haan 0 1 2 2
PowerPlay Forward
Center Left Wing Right Wing Time % Phy DF OF
1 Matthew Beniers Andrew Cogliano Logan Stankoven 50 0 0 5
2 Kent Johnson Jayson Megna Mattias Janmark 50 0 0 5
PowerPlay Defense
Defense Defense Time % Phy DF OF
1 Jan Rutta Calvin De Haan 50 0 1 4
2 John Klingberg Nikita Zaitsev 50 0 1 4
Penalty Kill 4 Players Forward
Center Wing Time % Phy DF OF
1 Matthew Beniers Andrew Cogliano 50 1 3 1
2 Logan Stankoven Kent Johnson 50 1 3 1
Penalty Kill 4 Players Defense
Defense Defense Time % Phy DF OF
1 Jan Rutta Calvin De Haan 50 1 3 1
2 John Klingberg Nikita Zaitsev 50 1 3 1
Penalty Kill - 3 Players Forward
Forward Time % Phy DF OF
1 Matthew Beniers 50 1 3 1
2 Andrew Cogliano 50 1 3 1
Penalty Kill - 3 Players Defense
Defense Defense Time % Phy DF OF
1 Jan Rutta Calvin De Haan 50 2 3 0
2 John Klingberg Nikita Zaitsev 50 2 3 0
4 vs 4 Forward
Center Wing Time % Phy DF OF
1 Matthew Beniers Andrew Cogliano 50 0 1 4
2 Logan Stankoven Kent Johnson 50 0 1 4
4 vs 4 Defense
Defense Defense Time % Phy DF OF
1 Jan Rutta Calvin De Haan 50 0 1 4
2 John Klingberg Nikita Zaitsev 50 0 1 4
Last Minutes Offensive
Center Left Wing Right Wing Defense Defense
Matthew Beniers Andrew Cogliano Logan Stankoven Jan Rutta Calvin De Haan
Last Minutes Defensive
Center Left Wing Right Wing Defense Defense
Matthew Beniers Andrew Cogliano Logan Stankoven Jan Rutta Calvin De Haan
Goaltenders
Starting : Joel Hofer
Backup : Chris Driedger
Extra Forwards
Normal : Nathan Walker, Sam Carrick, Matt Martin - PP : Nathan Walker, Sam Carrick - PK : Matt Martin
Extra Defensemen
Normal : Sebastian J Aho, John Klingberg, Nikita Zaitsev - PP : Sebastian J Aho - PK : John Klingberg, Nikita Zaitsev
Penalty Shots
Matthew Beniers, Andrew Cogliano, Logan Stankoven, Kent Johnson, Mattias Janmark
Scratches
Ben Hutton (Healthy), Niko Mikkola (Healthy), Klim Kostin (Healthy), Ville Ottavainen (Healthy), Max Sasson (Healthy)
Sheldon Dries (Healthy), Jesper Vikman (Healthy), Nikita Tolopilo (Healthy), Brandon Bussi (Healthy)
Cape Breton Oilers
5 vs 5 Forward
Center Left Wing Right Wing Time % Phy DF OF
1 Parker Kelly Brett Seney Alexey Toropchenko 30 1 2 2
2 Jonny Brodzinski Will Cuylle Luke Evangelista 30 1 2 2
3 Dominic Toninato Brennan Othmann Max Jones 25 1 2 2
4 Alex Belzile Alexey Toropchenko Carl Grundstrom 15 1 2 2
5 vs 5 Defense
Defense Defense Time % Phy DF OF
1 Kevin Bahl Wyatt Kaiser 30 1 2 2
2 Philip Broberg Vladislav Kolyachonok 30 1 2 2
3 Leon Gawanke William Trudeau 25 1 2 2
4 Kevin Bahl Wyatt Kaiser 15 1 2 2
PowerPlay Forward
Center Left Wing Right Wing Time % Phy DF OF
1 Parker Kelly Brett Seney Alexey Toropchenko 50 1 2 2
2 Jonny Brodzinski Will Cuylle Luke Evangelista 50 1 2 2
PowerPlay Defense
Defense Defense Time % Phy DF OF
1 Kevin Bahl Wyatt Kaiser 50 1 2 2
2 Philip Broberg Vladislav Kolyachonok 50 1 2 2
Penalty Kill 4 Players Forward
Center Wing Time % Phy DF OF
1 Alexey Toropchenko Luke Evangelista 50 1 2 2
2 Max Jones Parker Kelly 50 1 2 2
Penalty Kill 4 Players Defense
Defense Defense Time % Phy DF OF
1 Kevin Bahl Wyatt Kaiser 50 1 2 2
2 Philip Broberg Vladislav Kolyachonok 50 1 2 2
Penalty Kill - 3 Players Forward
Forward Time % Phy DF OF
1 Alexey Toropchenko 50 1 2 2
2 Luke Evangelista 50 1 2 2
Penalty Kill - 3 Players Defense
Defense Defense Time % Phy DF OF
1 Kevin Bahl Wyatt Kaiser 50 1 2 2
2 Philip Broberg Vladislav Kolyachonok 50 1 2 2
4 vs 4 Forward
Center Wing Time % Phy DF OF
1 Alexey Toropchenko Luke Evangelista 50 1 2 2
2 Max Jones Parker Kelly 50 1 2 2
4 vs 4 Defense
Defense Defense Time % Phy DF OF
1 Kevin Bahl Wyatt Kaiser 50 1 2 2
2 Philip Broberg Vladislav Kolyachonok 50 1 2 2
Last Minutes Offensive
Center Left Wing Right Wing Defense Defense
Parker Kelly Brett Seney Alexey Toropchenko Kevin Bahl Wyatt Kaiser
Last Minutes Defensive
Center Left Wing Right Wing Defense Defense
Parker Kelly Brett Seney Alexey Toropchenko Kevin Bahl Wyatt Kaiser
Goaltenders
Starting : Hunter Jones
Backup : Unknown Goalie
Extra Forwards
Normal : Matt Luff, Carl Grundstrom, Dominic Toninato - PP : Matt Luff, Carl Grundstrom - PK : Dominic Toninato
Extra Defensemen
Normal : Leon Gawanke, William Trudeau, Philip Broberg - PP : Leon Gawanke - PK : William Trudeau, Philip Broberg
Penalty Shots
Alexey Toropchenko, Luke Evangelista, Max Jones, Parker Kelly, Jonny Brodzinski
Scratches
Chase Stillman (Healthy), Nolan Allan (Healthy), Josh Bloom (Healthy), Mike Benning (Healthy), Maxim Groshev (Healthy)
Jonah Gadjovich (Healthy), Jacob Ingham (Healthy), Joel Blomqvist (Healthy), Matt Villalta (Healthy)
% Time on Ice - Tappara Tampere
Lines # - Real PCT - Wanted PCT - Time Play
Normal Forward
1 - 28% - 30% - 12:42
2 - 28% - 30% - 12:22
3 - 25% - 25% - 11:17
4 - 18% - 15% - 8:15
Normal Defense
1 - 34% - 34% - 15:23
2 - 33% - 33% - 14:32
3 - 32% - 33% - 14:22
4 - 1% - 0% - 0:19
PP Forward
1 - 55% - 50% - 7:25
2 - 45% - 50% - 6:07
PP Defense
1 - 51% - 50% - 6:57
2 - 49% - 50% - 6:35
PK Forward
1 - 51% - 50% - 0:57
2 - 49% - 50% - 0:55
PK Defense
1 - 60% - 50% - 1:07
2 - 40% - 50% - 0:45
PK3 Forward
1 - 0% - 50%
2 - 0% - 50%
PK3 Defense
1 - 0% - 50%
2 - 0% - 50%
44 Forward
1 - 0% - 50%
2 - 0% - 50%
44 Defense
1 - 0% - 50%
2 - 0% - 50%
Last Minute Offensive - 0:00
Last Minute Defensive - 0:00
Total
Forward - 60:00
Defense - 60:00
|
% Time on Ice - Cape Breton Oilers
Lines # - Real PCT - Wanted PCT - Time Play
Normal Forward
1 - 29% - 30% - 12:58
2 - 32% - 30% - 14:19
3 - 25% - 25% - 11:13
4 - 14% - 15% - 6:06
Normal Defense
1 - 30% - 30% - 13:19
2 - 32% - 30% - 14:24
3 - 26% - 25% - 11:44
4 - 12% - 15% - 5:09
PP Forward
1 - 45% - 50% - 0:50
2 - 55% - 50% - 1:02
PP Defense
1 - 55% - 50% - 1:02
2 - 45% - 50% - 0:50
PK Forward
1 - 55% - 50% - 7:24
2 - 45% - 50% - 6:08
PK Defense
1 - 46% - 50% - 6:11
2 - 54% - 50% - 7:21
PK3 Forward
1 - 0% - 50%
2 - 0% - 50%
PK3 Defense
1 - 0% - 50%
2 - 0% - 50%
44 Forward
1 - 0% - 50%
2 - 0% - 50%
44 Defense
1 - 0% - 50%
2 - 0% - 50%
Last Minute Offensive - 0:00
Last Minute Defensive - 0:00
Total
Forward - 60:00
Defense - 60:00
|
Play-by-Play
1st period
0:01 of 1st period - Parker Kelly wins face-off versus Matthew Beniers in neutral zone.
0:04 of 1st period - Calvin De Haan is hit by Kevin Bahl and loses puck.
0:30 of 1st period - Jan Rutta is hit by Vladislav Kolyachonok and loses puck.
1:13 of 1st period - Tomas Nosek is hit by Alexey Toropchenko.
1:52 of 1st period - Philip Broberg is hit by Jayson Megna and loses puck.
2:03 of 1st period - Minor Penalty to Will Cuylle for Tripping.
2:04 of 1st period - Max Jones wins face-off versus Matthew Beniers in Cape Breton Oilers zone.
2:19 of 1st period - Alexey Toropchenko is hit by Jan Rutta and loses puck.
2:54 of 1st period - Luke Evangelista is hit by Calvin De Haan and loses puck.
3:01 of 1st period - Wrist shot by Jayson Megna.
3:01 of 1st period - Shot Misses the Net.
3:03 of 1st period - Wrist shot by Jayson Megna.
3:03 of 1st period - Deflect By Kent Johnson.
3:03 of 1st period - Shot Misses the Net.
3:03 of 1st period - Puck is out of play.
3:04 of 1st period - Matthew Beniers wins face-off versus Max Jones in Cape Breton Oilers zone.
3:09 of 1st period - Wrist shot by Logan Stankoven.
3:09 of 1st period - Stopped by Hunter Jones with a rebound.
4:03 of 1st period - Penalty to Will Cuylle is over, Will Cuylle is back on ice.
4:09 of 1st period - Calvin De Haan is hit by Will Cuylle.
4:13 of 1st period - Luke Evangelista is hit by Matt Martin and loses puck.
4:30 of 1st period - Tanner Pearson is hit by Carl Grundstrom and loses puck.
4:45 of 1st period - Sam Carrick is hit by Brennan Othmann and loses puck.
5:41 of 1st period - Nikita Zaitsev is hit by Matt Luff.
6:05 of 1st period - Alexey Toropchenko is hit by Matt Martin.
6:51 of 1st period - Philip Broberg is hit by Nathan Walker and loses puck.
7:31 of 1st period - Tomas Nosek is hit by Leon Gawanke and loses puck.
8:15 of 1st period - Icing by Kent Johnson.
8:16 of 1st period - Matthew Beniers wins face-off versus Parker Kelly in Tappara Tampere zone.
9:11 of 1st period - Off-side.
9:12 of 1st period - Tomas Nosek wins face-off versus Parker Kelly in neutral zone.
9:17 of 1st period - Snap shot by Tanner Pearson.
9:17 of 1st period - Stopped by Hunter Jones with a rebound.
9:19 of 1st period - Minor Penalty to Kevin Bahl for Elbowing.
9:20 of 1st period - Matthew Beniers wins face-off versus Alexey Toropchenko in Cape Breton Oilers zone.
9:23 of 1st period - Wrist shot by Logan Stankoven.
9:23 of 1st period - Stopped by Hunter Jones without a rebound.
9:24 of 1st period - Matthew Beniers wins face-off versus Alexey Toropchenko in Cape Breton Oilers zone.
9:52 of 1st period - Wrist shot by Max Jones.
9:52 of 1st period - Stopped by Joel Hofer without a rebound.
9:53 of 1st period - Kent Johnson wins face-off versus Max Jones in Tappara Tampere zone.
11:04 of 1st period - Wrist shot by Matthew Beniers.
11:04 of 1st period - Shot Misses the Net.
11:06 of 1st period - Slapshot by Nikita Zaitsev.
11:06 of 1st period - Shot Misses the Net.
11:19 of 1st period - Penalty to Kevin Bahl is over, Kevin Bahl is back on ice.
11:44 of 1st period - Nikita Zaitsev is hit by Carl Grundstrom and loses puck.
13:03 of 1st period - Slapshot by Tanner Pearson.
13:03 of 1st period - Goal by Tanner Pearson - Tappara Tampere : 1 - Cape Breton Oilers : 0.
13:04 of 1st period - Dominic Toninato wins face-off versus Kent Johnson in neutral zone.
13:18 of 1st period - Wrist shot by Dominic Toninato.
13:18 of 1st period - Stopped by Joel Hofer with a rebound.
13:20 of 1st period - Wrist shot by Max Jones.
13:20 of 1st period - Stopped by Joel Hofer with a rebound.
13:30 of 1st period - Philip Broberg is hit by Calvin De Haan and loses puck.
13:55 of 1st period - Slapshot by Nathan Walker.
13:55 of 1st period - Stopped by Hunter Jones without a rebound.
13:56 of 1st period - Sam Carrick wins face-off versus Max Jones in Cape Breton Oilers zone.
14:19 of 1st period - Wyatt Kaiser is hit by Nathan Walker and loses puck.
14:44 of 1st period - Snap shot by Mattias Janmark.
14:44 of 1st period - Stopped by Hunter Jones without a rebound.
14:45 of 1st period - Dominic Toninato wins face-off versus Mattias Janmark in Cape Breton Oilers zone.
14:52 of 1st period - Wrist shot by Kent Johnson.
14:52 of 1st period - Shot Misses the Net.
14:54 of 1st period - Slapshot by Mattias Janmark.
14:54 of 1st period - Stopped by Hunter Jones without a rebound.
14:55 of 1st period - Matthew Beniers wins face-off versus Dominic Toninato in Cape Breton Oilers zone.
15:06 of 1st period - Wrist shot by Matthew Beniers.
15:06 of 1st period - Stopped by Hunter Jones without a rebound.
15:07 of 1st period - Mattias Janmark wins face-off versus Alexey Toropchenko in Cape Breton Oilers zone.
15:11 of 1st period - Minor Penalty to Brett Seney for High sticking.
15:12 of 1st period - Max Jones wins face-off versus Matthew Beniers in Cape Breton Oilers zone.
15:28 of 1st period - Wrist shot by Logan Stankoven.
15:28 of 1st period - Deflect By Matthew Beniers.
15:28 of 1st period - Stopped by Hunter Jones with a rebound.
17:11 of 1st period - Penalty to Brett Seney is over, Brett Seney is back on ice.
17:43 of 1st period - Snap shot by Sam Carrick.
17:43 of 1st period - Stopped by Hunter Jones with a rebound.
17:45 of 1st period - Slapshot by Calvin De Haan.
17:45 of 1st period - Stopped by Hunter Jones without a rebound.
17:46 of 1st period - Alex Belzile wins face-off versus Sam Carrick in Cape Breton Oilers zone.
18:05 of 1st period - Snap shot by Will Cuylle.
18:05 of 1st period - Stopped by Joel Hofer with a rebound.
18:07 of 1st period - Wrist shot by Will Cuylle.
18:07 of 1st period - Shot Misses the Net.
18:23 of 1st period - Slapshot by Kent Johnson.
18:23 of 1st period - Shot Blocked by William Trudeau.
18:25 of 1st period - Wrist shot by Mattias Janmark.
18:25 of 1st period - Stopped by Hunter Jones with a rebound.
18:29 of 1st period - Slapshot by Kent Johnson.
18:29 of 1st period - Stopped by Hunter Jones with a rebound.
18:31 of 1st period - Snap shot by Kent Johnson.
18:31 of 1st period - Shot Misses the Net.
18:43 of 1st period - Andrew Cogliano is hit by Brett Seney and loses puck.
19:14 of 1st period - Slapshot by Nikita Zaitsev.
19:14 of 1st period - Shot Blocked by Kevin Bahl.
19:16 of 1st period - Slapshot by Tanner Pearson.
19:16 of 1st period - Goal by Tanner Pearson - Tappara Tampere : 2 - Cape Breton Oilers : 0.
19:17 of 1st period - Jonny Brodzinski wins face-off versus Kent Johnson in neutral zone.
19:20 of 1st period - Slapshot by Will Cuylle.
19:20 of 1st period - Stopped by Joel Hofer without a rebound.
19:21 of 1st period - Kent Johnson wins face-off versus Jonny Brodzinski in Tappara Tampere zone.
Goals for this period are 2 for Tappara Tampere vs 0 for Cape Breton Oilers.
Shots for this period are 14 for Tappara Tampere vs 5 for Cape Breton Oilers.
2nd period
0:01 of 2nd period - Parker Kelly wins face-off versus Kent Johnson in neutral zone.
0:28 of 2nd period - Kevin Bahl is hit by John Klingberg and loses puck.
0:59 of 2nd period - Snap shot by Sam Carrick.
0:59 of 2nd period - Shot Blocked by Luke Evangelista.
1:35 of 2nd period - Dominic Toninato is hit by Mattias Janmark.
2:05 of 2nd period - Snap shot by Matt Martin.
2:05 of 2nd period - Shot Misses the Net.
2:07 of 2nd period - Snap shot by Nathan Walker.
2:07 of 2nd period - Stopped by Hunter Jones without a rebound.
2:08 of 2nd period - Nathan Walker wins face-off versus Alexey Toropchenko in Cape Breton Oilers zone.
2:11 of 2nd period - Wrist shot by Matt Martin.
2:11 of 2nd period - Stopped by Hunter Jones without a rebound.
2:12 of 2nd period - Sam Carrick wins face-off versus Parker Kelly in Cape Breton Oilers zone.
2:12 of 2nd period - Sam Carrick is hit by Alexey Toropchenko.
2:14 of 2nd period - Slapshot by John Klingberg.
2:14 of 2nd period - Deflect By Nathan Walker.
2:14 of 2nd period - Stopped by Hunter Jones with a rebound.
2:16 of 2nd period - Slapshot by Sam Carrick.
2:16 of 2nd period - Deflect By Parker Kelly.
2:16 of 2nd period - Stopped by Hunter Jones without a rebound.
2:17 of 2nd period - Matthew Beniers wins face-off versus Parker Kelly in Cape Breton Oilers zone.
2:20 of 2nd period - Wrist shot by Matthew Beniers.
2:20 of 2nd period - Stopped by Hunter Jones without a rebound.
2:21 of 2nd period - Matthew Beniers wins face-off versus Brett Seney in Cape Breton Oilers zone.
2:24 of 2nd period - Snap shot by Matthew Beniers.
2:24 of 2nd period - Stopped by Hunter Jones with a rebound.
2:36 of 2nd period - Snap shot by Brett Seney.
2:36 of 2nd period - Deflect By Matthew Beniers.
2:36 of 2nd period - Stopped by Joel Hofer with a rebound.
2:38 of 2nd period - Wrist shot by Brett Seney.
2:38 of 2nd period - Shot Blocked by Logan Stankoven.
2:40 of 2nd period - Snap shot by Alexey Toropchenko.
2:40 of 2nd period - Stopped by Joel Hofer without a rebound.
2:41 of 2nd period - Jayson Megna wins face-off versus Dominic Toninato in Tappara Tampere zone.
3:29 of 2nd period - Snap shot by Luke Evangelista.
3:29 of 2nd period - Stopped by Joel Hofer with a rebound.
3:31 of 2nd period - Slapshot by William Trudeau.
3:31 of 2nd period - Stopped by Joel Hofer with a rebound.
3:33 of 2nd period - Slapshot by Luke Evangelista.
3:33 of 2nd period - Stopped by Joel Hofer with a rebound.
3:35 of 2nd period - Snap shot by William Trudeau.
3:35 of 2nd period - Shot Blocked by Andreas Englund.
3:51 of 2nd period - Snap shot by Max Jones.
3:51 of 2nd period - Shot Misses the Net.
3:53 of 2nd period - Wrist shot by Brennan Othmann.
3:53 of 2nd period - Goal by Brennan Othmann - Tappara Tampere : 2 - Cape Breton Oilers : 1.
3:54 of 2nd period - Kent Johnson wins face-off versus Parker Kelly in neutral zone.
4:00 of 2nd period - Off-side.
4:01 of 2nd period - Parker Kelly wins face-off versus Kent Johnson in neutral zone.
4:08 of 2nd period - Backhand shot by Brett Seney.
4:08 of 2nd period - Shot Blocked by Jayson Megna.
4:12 of 2nd period - Snap shot by Alexey Toropchenko.
4:12 of 2nd period - Shot Misses the Net.
4:14 of 2nd period - Snap shot by Brett Seney.
4:14 of 2nd period - Stopped by Joel Hofer with a rebound.
4:16 of 2nd period - Slapshot by Kevin Bahl.
4:16 of 2nd period - Stopped by Joel Hofer without a rebound.
4:17 of 2nd period - Matthew Beniers wins face-off versus Jonny Brodzinski in Tappara Tampere zone.
4:42 of 2nd period - John Klingberg is hit by Brett Seney and loses puck.
4:47 of 2nd period - Snap shot by Alexey Toropchenko.
4:47 of 2nd period - Deflect By Nikita Zaitsev.
4:47 of 2nd period - Shot Blocked by Nikita Zaitsev.
4:47 of 2nd period - Puck is out of play.
4:48 of 2nd period - Parker Kelly wins face-off versus Kent Johnson in Tappara Tampere zone.
5:16 of 2nd period - Icing by Jan Rutta.
5:17 of 2nd period - Matthew Beniers wins face-off versus Dominic Toninato in Tappara Tampere zone.
6:11 of 2nd period - Minor Penalty to Kevin Bahl for High sticking.
6:12 of 2nd period - Matthew Beniers wins face-off versus Max Jones in Cape Breton Oilers zone.
8:11 of 2nd period - Penalty to Kevin Bahl is over, Kevin Bahl is back on ice.
8:49 of 2nd period - William Trudeau is hit by Matt Martin and loses puck.
9:04 of 2nd period - Will Cuylle is hit by Dominik Kubalik and loses puck.
9:17 of 2nd period - Andreas Englund is hit by Carl Grundstrom and loses puck.
9:52 of 2nd period - Matt Luff is hit by Sebastian J Aho and loses puck.
10:37 of 2nd period - Sam Carrick is hit by Max Jones and loses puck.
10:53 of 2nd period - Alex Belzile is hit by Sam Carrick and loses puck.
11:27 of 2nd period - Kevin Bahl is hit by Sebastian J Aho and loses puck.
11:47 of 2nd period - Matthew Beniers is hit by Brennan Othmann and loses puck.
12:07 of 2nd period - Leon Gawanke is hit by John Klingberg and loses puck.
12:14 of 2nd period - Jayson Megna is hit by Brennan Othmann and loses puck.
12:44 of 2nd period - Tanner Pearson is hit by Leon Gawanke and loses puck.
13:02 of 2nd period - Jonny Brodzinski is hit by Matthew Beniers and loses puck.
13:11 of 2nd period - Will Cuylle is hit by Andreas Englund and loses puck.
13:24 of 2nd period - Kent Johnson is hit by Carl Grundstrom.
13:28 of 2nd period - Alexey Toropchenko is hit by Mattias Janmark and loses puck.
14:01 of 2nd period - Philip Broberg is hit by Tomas Nosek and loses puck.
14:09 of 2nd period - Icing by Will Cuylle.
14:10 of 2nd period - Jonny Brodzinski wins face-off versus Matthew Beniers in Cape Breton Oilers zone.
14:15 of 2nd period - Andrew Cogliano is hit by Will Cuylle and loses puck.
14:26 of 2nd period - Andrew Cogliano is hit by William Trudeau.
15:00 of 2nd period - Snap shot by Tomas Nosek.
15:00 of 2nd period - Shot Misses the Net.
15:11 of 2nd period - Minor Penalty to Kevin Bahl for Roughing.
15:12 of 2nd period - Matthew Beniers wins face-off versus Max Jones in Cape Breton Oilers zone.
15:12 of 2nd period - Slapshot by Logan Stankoven.
15:12 of 2nd period - Goal by Logan Stankoven - Tappara Tampere : 3 - Cape Breton Oilers : 1.
15:13 of 2nd period - Kent Johnson wins face-off versus Parker Kelly in neutral zone.
15:20 of 2nd period - Wrist shot by Kent Johnson.
15:20 of 2nd period - Shot Blocked by Brett Seney.
15:40 of 2nd period - Andrew Cogliano is hit by Will Cuylle and loses puck.
15:47 of 2nd period - Slapshot by John Klingberg.
15:47 of 2nd period - Stopped by Hunter Jones with a rebound.
16:03 of 2nd period - Slapshot by Max Jones.
16:03 of 2nd period - Stopped by Joel Hofer with a rebound.
16:05 of 2nd period - Snap shot by Max Jones.
16:05 of 2nd period - Stopped by Joel Hofer without a rebound.
16:06 of 2nd period - Kent Johnson wins face-off versus Parker Kelly in Tappara Tampere zone.
16:28 of 2nd period - Icing by Brett Seney.
16:29 of 2nd period - Matthew Beniers wins face-off versus Jonny Brodzinski in Cape Breton Oilers zone.
16:34 of 2nd period - Wrist shot by Matthew Beniers.
16:34 of 2nd period - Stopped by Hunter Jones with a rebound.
16:40 of 2nd period - Snap shot by Luke Evangelista.
16:40 of 2nd period - Shot Misses the Net.
16:42 of 2nd period - Snap shot by Jonny Brodzinski.
16:42 of 2nd period - Shot Blocked by Sebastian J Aho.
16:44 of 2nd period - Slapshot by Luke Evangelista.
16:44 of 2nd period - Stopped by Joel Hofer without a rebound.
16:45 of 2nd period - Kent Johnson wins face-off versus Parker Kelly in Tappara Tampere zone.
17:59 of 2nd period - Off-side.
18:00 of 2nd period - Alex Belzile wins face-off versus Tomas Nosek in neutral zone.
18:26 of 2nd period - Wrist shot by Tanner Pearson.
18:26 of 2nd period - Shot Blocked by Alexey Toropchenko.
18:28 of 2nd period - Slapshot by Nikita Zaitsev.
18:28 of 2nd period - Stopped by Hunter Jones without a rebound.
18:29 of 2nd period - Dominic Toninato wins face-off versus Matthew Beniers in Cape Breton Oilers zone.
18:29 of 2nd period - Dominic Toninato is hit by John Klingberg.
19:00 of 2nd period - William Trudeau is hit by Kent Johnson and loses puck.
19:21 of 2nd period - Snap shot by Alexey Toropchenko.
19:21 of 2nd period - Stopped by Joel Hofer without a rebound.
19:22 of 2nd period - Matthew Beniers wins face-off versus Parker Kelly in Tappara Tampere zone.
19:29 of 2nd period - Snap shot by Logan Stankoven.
19:29 of 2nd period - Stopped by Hunter Jones with a rebound.
Goals for this period are 1 for Tappara Tampere vs 1 for Cape Breton Oilers.
Shots for this period are 11 for Tappara Tampere vs 12 for Cape Breton Oilers.
3rd period
0:01 of 3rd period - Parker Kelly wins face-off versus Matthew Beniers in neutral zone.
0:04 of 3rd period - Snap shot by Wyatt Kaiser.
0:04 of 3rd period - Deflect By Brett Seney.
0:04 of 3rd period - Shot Blocked by Matthew Beniers.
0:04 of 3rd period - Puck is out of play.
0:05 of 3rd period - Matthew Beniers wins face-off versus Parker Kelly in Tappara Tampere zone.
0:05 of 3rd period - Matthew Beniers is hit by Brett Seney.
0:12 of 3rd period - Minor Penalty to Brett Seney for Delaying the game.
0:13 of 3rd period - Matthew Beniers wins face-off versus Max Jones in Cape Breton Oilers zone.
0:16 of 3rd period - Snap shot by Matthew Beniers.
0:16 of 3rd period - Stopped by Hunter Jones with a rebound.
0:22 of 3rd period - Snap shot by Logan Stankoven.
0:22 of 3rd period - Stopped by Hunter Jones with a rebound.
0:24 of 3rd period - Snap shot by Logan Stankoven.
0:24 of 3rd period - Stopped by Hunter Jones without a rebound.
0:25 of 3rd period - Matthew Beniers wins face-off versus Max Jones in Cape Breton Oilers zone.
1:10 of 3rd period - Vladislav Kolyachonok is hit by Nikita Zaitsev and loses puck.
2:12 of 3rd period - Penalty to Brett Seney is over, Brett Seney is back on ice.
2:21 of 3rd period - Wrist shot by Will Cuylle.
2:21 of 3rd period - Shot Misses the Net.
2:27 of 3rd period - Slapshot by John Klingberg.
2:27 of 3rd period - Deflect By Brett Seney.
2:27 of 3rd period - Stopped by Hunter Jones without a rebound.
2:28 of 3rd period - Tomas Nosek wins face-off versus Alex Belzile in Cape Breton Oilers zone.
2:33 of 3rd period - Backhand shot by Tanner Pearson.
2:33 of 3rd period - Stopped by Hunter Jones with a rebound.
2:53 of 3rd period - William Trudeau is hit by Sam Carrick and loses puck.
3:02 of 3rd period - Slapshot by Nathan Walker.
3:02 of 3rd period - Stopped by Hunter Jones with a rebound.
3:16 of 3rd period - Backhand shot by Mattias Janmark.
3:16 of 3rd period - Stopped by Hunter Jones with a rebound.
3:18 of 3rd period - Slapshot by Jan Rutta.
3:18 of 3rd period - Shot Blocked by Brennan Othmann.
3:38 of 3rd period - Slapshot by Philip Broberg.
3:38 of 3rd period - Shot Blocked by Calvin De Haan.
4:27 of 3rd period - Kevin Bahl is hit by Mattias Janmark.
4:52 of 3rd period - Minor Penalty to John Klingberg for Holding.
4:53 of 3rd period - Jonny Brodzinski wins face-off versus Matthew Beniers in Tappara Tampere zone.
6:13 of 3rd period - Icing by Will Cuylle.
6:14 of 3rd period - Logan Stankoven wins face-off versus Parker Kelly in Cape Breton Oilers zone.
6:22 of 3rd period - Icing by Parker Kelly.
6:23 of 3rd period - Matthew Beniers wins face-off versus Parker Kelly in Cape Breton Oilers zone.
6:24 of 3rd period - Snap shot by Andrew Cogliano.
6:24 of 3rd period - Shot Misses the Net.
6:26 of 3rd period - Slapshot by Jan Rutta.
6:26 of 3rd period - Shot Blocked by Parker Kelly.
6:28 of 3rd period - Wrist shot by Matthew Beniers.
6:28 of 3rd period - Deflect By Andrew Cogliano.
6:28 of 3rd period - Shot Misses the Net.
6:28 of 3rd period - Puck is out of play.
6:29 of 3rd period - Matthew Beniers wins face-off versus Jonny Brodzinski in Cape Breton Oilers zone.
6:44 of 3rd period - Wrist shot by Luke Evangelista.
6:44 of 3rd period - Goal by Luke Evangelista - Tappara Tampere : 3 - Cape Breton Oilers : 2.
6:45 of 3rd period - Kent Johnson wins face-off versus Brett Seney in neutral zone.
6:50 of 3rd period - Snap shot by Jayson Megna.
6:50 of 3rd period - Shot Misses the Net.
6:52 of 3rd period - Backhand shot by Kent Johnson.
6:52 of 3rd period - Stopped by Hunter Jones without a rebound.
6:53 of 3rd period - Parker Kelly wins face-off versus Kent Johnson in Cape Breton Oilers zone.
6:53 of 3rd period - Parker Kelly is hit by John Klingberg.
7:26 of 3rd period - Snap shot by Brennan Othmann.
7:26 of 3rd period - Stopped by Joel Hofer without a rebound.
7:27 of 3rd period - Jonny Brodzinski wins face-off versus Mattias Janmark in Tappara Tampere zone.
7:36 of 3rd period - Snap shot by Mattias Janmark.
7:36 of 3rd period - Deflect By Luke Evangelista.
7:36 of 3rd period - Shot Misses the Net.
7:36 of 3rd period - Puck is out of play.
7:37 of 3rd period - Jonny Brodzinski wins face-off versus Kent Johnson in Cape Breton Oilers zone.
7:42 of 3rd period - Slapshot by Luke Evangelista.
7:42 of 3rd period - Stopped by Joel Hofer without a rebound.
7:43 of 3rd period - Matthew Beniers wins face-off versus Parker Kelly in Tappara Tampere zone.
7:43 of 3rd period - Matthew Beniers is hit by Wyatt Kaiser.
7:53 of 3rd period - Wrist shot by Matthew Beniers.
7:53 of 3rd period - Shot Misses the Net.
7:55 of 3rd period - Slapshot by Andrew Cogliano.
7:55 of 3rd period - Stopped by Hunter Jones without a rebound.
7:56 of 3rd period - Matthew Beniers wins face-off versus Parker Kelly in Cape Breton Oilers zone.
8:17 of 3rd period - Minor Penalty to Brett Seney for Boarding.
8:18 of 3rd period - Kent Johnson wins face-off versus Alexey Toropchenko in Cape Breton Oilers zone.
8:29 of 3rd period - Wrist shot by Jayson Megna.
8:29 of 3rd period - Shot Misses the Net.
8:31 of 3rd period - Wrist shot by Jan Rutta.
8:31 of 3rd period - Shot Misses the Net.
8:33 of 3rd period - Slapshot by Jayson Megna.
8:33 of 3rd period - Stopped by Hunter Jones without a rebound.
8:34 of 3rd period - Max Jones wins face-off versus Matthew Beniers in Cape Breton Oilers zone.
8:42 of 3rd period - Off-side.
8:43 of 3rd period - Matthew Beniers wins face-off versus Alexey Toropchenko in neutral zone.
9:28 of 3rd period - Alexey Toropchenko is hit by Jan Rutta.
9:36 of 3rd period - Wrist shot by Logan Stankoven.
9:36 of 3rd period - Deflect By Matthew Beniers.
9:36 of 3rd period - Stopped by Hunter Jones with a rebound.
9:38 of 3rd period - Slapshot by Jan Rutta.
9:38 of 3rd period - Shot Blocked by Luke Evangelista.
9:40 of 3rd period - Snap shot by Andrew Cogliano.
9:40 of 3rd period - Shot Blocked by Alexey Toropchenko.
9:42 of 3rd period - Snap shot by Andrew Cogliano.
9:42 of 3rd period - Stopped by Hunter Jones with a rebound.
9:44 of 3rd period - Slapshot by Calvin De Haan.
9:44 of 3rd period - Shot Blocked by Vladislav Kolyachonok.
9:46 of 3rd period - Wrist shot by Logan Stankoven.
9:46 of 3rd period - Shot Misses the Net.
9:48 of 3rd period - Slapshot by Calvin De Haan.
9:48 of 3rd period - Stopped by Hunter Jones with a rebound.
9:50 of 3rd period - Snap shot by Jan Rutta.
9:50 of 3rd period - Stopped by Hunter Jones with a rebound.
9:52 of 3rd period - Slapshot by Andrew Cogliano.
9:52 of 3rd period - Shot Misses the Net.
9:54 of 3rd period - Slapshot by Jan Rutta.
9:54 of 3rd period - Goal by Jan Rutta - Tappara Tampere : 4 - Cape Breton Oilers : 2.
9:55 of 3rd period - Kent Johnson wins face-off versus Dominic Toninato in neutral zone.
10:04 of 3rd period - Slapshot by Kent Johnson.
10:04 of 3rd period - Shot Blocked by Wyatt Kaiser.
10:08 of 3rd period - Wrist shot by Mattias Janmark.
10:08 of 3rd period - Shot Misses the Net.
10:10 of 3rd period - Slapshot by Sebastian J Aho.
10:10 of 3rd period - Deflect By Kent Johnson.
10:10 of 3rd period - Shot Blocked by Wyatt Kaiser.
10:10 of 3rd period - Puck is out of play.
10:11 of 3rd period - Sam Carrick wins face-off versus Dominic Toninato in Cape Breton Oilers zone.
10:14 of 3rd period - Snap shot by Matt Martin.
10:14 of 3rd period - Shot Blocked by Dominic Toninato.
10:16 of 3rd period - Snap shot by Nathan Walker.
10:16 of 3rd period - Stopped by Hunter Jones with a rebound.
10:22 of 3rd period - Wrist shot by Nathan Walker.
10:22 of 3rd period - Stopped by Hunter Jones with a rebound.
10:36 of 3rd period - Brett Seney is hit by Jayson Megna and loses puck.
10:59 of 3rd period - Nikita Zaitsev is hit by Luke Evangelista and loses puck.
11:08 of 3rd period - Slapshot by Nikita Zaitsev.
11:08 of 3rd period - Stopped by Hunter Jones without a rebound.
11:09 of 3rd period - Dominic Toninato wins face-off versus Matthew Beniers in Cape Breton Oilers zone.
11:22 of 3rd period - Snap shot by Max Jones.
11:22 of 3rd period - Shot Misses the Net.
11:24 of 3rd period - Slapshot by Vladislav Kolyachonok.
11:24 of 3rd period - Shot Blocked by Matthew Beniers.
11:34 of 3rd period - Luke Evangelista is hit by Sam Carrick and loses puck.
11:45 of 3rd period - Slapshot by Matt Martin.
11:45 of 3rd period - Shot Misses the Net.
11:47 of 3rd period - Slapshot by Sebastian J Aho.
11:47 of 3rd period - Stopped by Hunter Jones with a rebound.
11:59 of 3rd period - Alexey Toropchenko is hit by Tomas Nosek and loses puck.
12:24 of 3rd period - Jayson Megna is hit by Kevin Bahl and loses puck.
13:23 of 3rd period - Snap shot by Dominik Kubalik.
13:23 of 3rd period - Shot Blocked by Kevin Bahl.
13:39 of 3rd period - Snap shot by Brett Seney.
13:39 of 3rd period - Stopped by Joel Hofer with a rebound.
14:03 of 3rd period - Slapshot by Nikita Zaitsev.
14:03 of 3rd period - Stopped by Hunter Jones without a rebound.
14:04 of 3rd period - Alex Belzile wins face-off versus Sam Carrick in Cape Breton Oilers zone.
15:26 of 3rd period - Minor Penalty to Brennan Othmann for Tripping.
15:27 of 3rd period - Kent Johnson wins face-off versus Max Jones in Cape Breton Oilers zone.
17:00 of 3rd period - Wyatt Kaiser is hit by Matthew Beniers and loses puck.
17:26 of 3rd period - Penalty to Brennan Othmann is over, Brennan Othmann is back on ice.
17:42 of 3rd period - Wrist shot by Jonny Brodzinski.
17:42 of 3rd period - Shot Blocked by Jan Rutta.
19:45 of 3rd period - Wrist shot by Dominic Toninato.
19:45 of 3rd period - Deflect By Carl Grundstrom.
19:45 of 3rd period - Stopped by Joel Hofer with a rebound.
Goals for this period are 1 for Tappara Tampere vs 1 for Cape Breton Oilers.
Shots for this period are 20 for Tappara Tampere vs 5 for Cape Breton Oilers.
Back to the Top